 Dungeon Crawl Stone Soup version 0.22-a0-776-ge6d7efa (webtiles) character file.

106 Gildeon the Grave Robber (level 4, -2/33 HPs)
             Began as a Mummy Necromancer on July 18, 2018.
             Slain by an ogre
             ... wielding a +0 giant spiked club
              (9 damage)
             ... on level 3 of the Dungeon.
             The game lasted 00:15:31 (2472 turns).

Gildeon the Grave Robber (Mummy Necromancer)        Turns: 2472, Time: 00:15:31

Health: -2/33      AC:  4    Str: 11    XL:     4   Next: 55%
Magic:  5/9        EV: 12    Int: 15    God:
Gold:   95         SH:  0    Dex: 12    Spells: 1/10 levels left

rFire    x . .     SeeInvis .   f - +1 dagger (venom)
rCold    + . .     Gourm    .   (no shield)
rNeg     + + +     Faith    .   a - +1 robe
rPois    ∞         Spirit   .   d - +1 hat
rElec    .         Reflect  .   (no cloak)
rCorr    .         Harm     .   (no gloves)
MR       .....                  (no boots)
Stlth    ++........             (no amulet)
HPRegen  0.11/turn              (no ring)
MPRegen  0.11/turn              (no ring)

@: no status effects
A: no food or potions, fire vulnerability, cold resistance 1, negative energy
resistance 3, torment resistance, unbreathing
a: no special abilities


You were on level 3 of the Dungeon.
You were not hungry.

You visited 1 branch of the dungeon, and saw 3 of its levels.

You collected 95 gold pieces.

Inventory:

Hand Weapons
 f - a +1 dagger of venom (weapon)
Armour
 a - a +1 robe (worn)
 d - a +1 hat (worn)
Scrolls
 c - 4 scrolls of identify {unknown}
 e - 3 scrolls of teleportation
 g - 3 scrolls of remove curse


   Skills:
 + Level 1.8 Fighting
 - Level 1.5 Dodging
 + Level 2.5 Stealth
 + Level 3.7 Spellcasting
 + Level 4.6 Necromancy


You had one spell level left.
You knew the following spells:

 Your Spells              Type           Power        Failure   Level  Hunger
a - Pain                  Necr           ###.         2%          1    N/A
b - Vampiric Draining     Necr           ###.......   9%          3    N/A
c - Animate Skeleton      Necr           N/A          2%          1    N/A
d - Animate Dead          Necr           N/A          28%         4    N/A

Your spell library contained the following spells:

 Spells                   Type           Power        Failure   Level  Hunger
 Regeneration             Chrm/Necr      #.........   22%         3    N/A

Dungeon Overview and Level Annotations

Branches:
Dungeon (3/15)

Altars:
Makhleb


Innate Abilities, Weirdness & Mutations

You do not eat or drink.
Your flesh is vulnerable to fire.
You are immune to poison.
Your flesh is cold resistant. (rC+)
You are immune to negative energy. (rN+++)
You are immune to unholy pain and torment.
You can survive without breathing.


Message History

Confirm with . or Enter, or press ? or * to list all spells.
Aiming: Pain (safe; 2% risk of failure)
Press: ? - help, Shift-Dir - straight line, f/p - ogre
Aim: an ogre, wielding a giant spiked club (moderately wounded, chance to defeat MR: 75%)
The ogre struggles to resist.
The ogre hits you but does no damage.
Casting: Pain (safe; 2% risk of failure)
Confirm with . or Enter, or press ? or * to list all spells.
You don't know that spell.
Unknown command.
The ogre hits you with a giant spiked club!!
Ouch! That really hurt!
* * * LOW HITPOINT WARNING * * *
Casting: Pain (safe; 2% risk of failure)
Confirm with . or Enter, or press ? or * to list all spells.
Aiming: Pain (safe; 2% risk of failure)
Press: ? - help, Shift-Dir - straight line, f/p - ogre
Aim: an ogre, wielding a giant spiked club (moderately wounded, chance to defeat MR: 75%)
The ogre writhes in agony!
The ogre hits you with a giant spiked club!
You die...

. #.......#
..########.#
....(....#.#
.........#.#
.........#.#
...........#
......#.##.####
............O.#
......#....##@#
#..........##.#
#..##.#.#####.#
#.....#.# #.# .
##.#.#####.#
..##.#.......#
........#.####
..##)...#.#
..........#


You could see an ogre.

Vanquished Creatures
  Terence (D:2)
  Robin (D:2)
  2 adders (D:3)
  A worm (D:2)
  4 leopard geckos
  A giant cockroach (D:2)
  9 goblins
  8 hobgoblins
  A bat (D:3)
  3 frilled lizards
  3 kobolds (D:1)
  6 rats
40 creatures vanquished.

Vanquished Creatures (collateral kills)
  An ooze (D:1)
  2 goblins
3 creatures vanquished.

Grand Total: 43 creatures vanquished

Notes
Turn   | Place    | Note
-------+----------+-------------------------------------------
     0 | D:1      | Gildeon the Mummy Necromancer began the quest for the Orb.
     0 | D:1      | Reached XP level 1. HP: 13/13 MP: 4/4
    14 | D:1      | Noticed a minotaur skeleton
    21 | D:1      | Learned a level 1 spell: Animate Skeleton
   269 | D:1      | Reached XP level 2. HP: 20/20 MP: 2/5
   733 | D:1      | Reached skill level 1 in Fighting
   882 | D:2      | Noticed Terence
   951 | D:2      | Killed Terence
   951 | D:2      | Reached XP level 3. HP: 11/26 MP: 0/7
  1024 | D:2      | Learned a level 3 spell: Vampiric Draining
  1381 | D:2      | Noticed Robin
  1436 | D:2      | Killed Robin
  1436 | D:2      | Reached XP level 4. HP: 29/32 MP: 0/9
  1442 | D:2      | Learned a level 4 spell: Animate Dead
  1568 | D:2      | Found a burning altar of Makhleb.
  2453 | D:3      | Noticed an ogre
  2472 | D:3      | Slain by an ogre

Vault maps used:
D:1:      shiori_arrival_whats_in_store_for_you
D:2:      lemuel_doored_altar, uniq_robin, uniq_terence
D:3:      first_ration

Skill      XL: |  1  2 |
---------------+-------+-----
Spellcasting   | 3 |  3.7
Fighting       | 1 |  1.8
Stealth        | 2 |  2.5
Dodging        | |  1.5
Necromancy     | |  4.6

Action                   |  1- 3 |  4- 6 || total
-------------------------+-------+-------++-------
Melee: Dagger            |    22 |    10 ||    32
 Cast: Pain              |    50 |    30 ||    80
       Animate Skeleton  |     8 |     9 ||    17
  Use: Scroll            |     5 |       ||     5
 Stab: Sleeping          |     4 |     3 ||     7
Armor: Robe              |     4 |     8 ||    12
Dodge: Dodged            |    21 |     8 ||    29

Table legend:
 A = Spawn XP
 B = Non-spawn XP
 C = Spawn XP percentage of total XP
 D = Spawn monster count
 E = Non-spawn monster count
 F = Spawn count percentage of total count
 G = Total turns spent on level
                    A         B        C        D         E        F      G
               +---------+---------+-------+---------+---------+-------+---------
         Total |       0 |     152 |   0.0 |       0 |      43 |   0.0 |  2472
               +---------+---------+-------+---------+---------+-------+---------
           D:1 |       0 |      31 |   0.0 |       0 |      17 |   0.0 |   866
           D:2 |       0 |      82 |   0.0 |       0 |      17 |   0.0 |  1139
           D:3 |       0 |      39 |   0.0 |       0 |       9 |   0.0 |   467
               +---------+---------+-------+---------+---------+-------+---------
